Unix NetHack Version 5.0.0-0 post-release - last build May 23 2026 06:08:33 (1c0ff79ee797540d5714e4e18072db0edd9e58ae,branch:main).

Game began 2026-05-25 09:55:26, ended 2026-05-25 16:31:53.

ArrBianca, chaotic female elven Priestess

 -----------         ------
 |.........|         |....|                    ----------
 |.......{.|         |....|      ##            |.....[..|
 |..........###      |....-#      ###          |........|
 |.........|         |....|#        ###       #-........|
 |......(..|         |....|#          ##### ###|........|
 -|---------         -|----#              #####+........|
  ##                 ##    #                #  ------.---
   ###               #     ##            ####        ##
     #####           #      ##           #            #
         #           #       #           #            #
         #           #       #           #            ####
  -------|--         #       # ---------##               #
  |........|         #       # |.<......#                #     #
  |.......$.###    --.--     #)........|         --------f--   #
  |........|  ##   |"".-       |........         |....)....-####
  |....`..<.  #####..."|       ---------         |....u...[|
  ----------      #|....#                        +.>F..@...|
                   -----                         -----------

ArrBianca the Adept          St:12 Dx:13 Co:16 In:10 Wi:14 Ch:11  Chaotic
Dlvl:7  $:28 HP:0(44) Pw:76(76) AC:6  Xp:6 T:3822 

Latest messages:
 The rothe bites again!
 You hit the rothe!
 You miss the rothe.
 The rothe hits!
 The rothe bites!
 The rothe bites again!
 You kill the rothe!
 There is an open door here.
 You see here 2 rothe corpses.
 There are 2 rothe corpses here; eat one? [ynq] (n) y
 Blecch!  Rotten food!
 The world spins and goes dark.
 You are conscious again.
 There is a partly eaten rothe corpse here; eat it? [ynq] (n) y
 You resume your meal.
 You finish eating the rothe corpse.
 There is a rothe corpse here; eat it? [ynq] (n) y
 This rothe corpse tastes terrible!
 You finish eating the rothe corpse.
 $ - 28 gold pieces.
 The door opens.
 The white unicorn butts!
 The white unicorn kicks!
 The white unicorn butts!
 The white unicorn kicks!
 The white unicorn vanishes!
 The dwarf throws a dagger!
 You are hit by a dagger.
 Elf is about to die.
 What do you want to drink? [dmpryzDEMP or ?*] ?
 You feel better.
 You hit the dwarf!
 The dwarf hits!
 You miss the dwarf.
 The dwarf hits!
 You miss the dwarf.
 You miss the dwarf.
 You kill the dwarf!
 The white unicorn vanishes!
 Where do you want to travel to?
 (For instructions type a '?')
 You hear some noises in the distance.
 The white unicorn vanishes and reappears close by.
 The white unicorn butts!
 The white unicorn kicks!
 The white unicorn butts!
 The white unicorn kicks!
 The white unicorn butts!
 You die...
 Do you want your possessions identified? [ynq] (y) q

Inventory:
 Coins    ('$')
  $ - 28 gold pieces
 Amulets  ('"')
  n - an amulet versus poison (being worn)
 Weapons  (')')
  G - 7 +0 elven arrows
  I - 7 +0 ya
  x - a +0 dagger (at the ready)
  a - a blessed +2 mace (weapon in right hand)
 Armor    ('[')
  o - a +0 dwarvish iron helm (being worn)
  H - a +0 pair of iron shoes (being worn)
  c - a +0 small shield
  b - a very burnt +0 robe
 Comestibles  ('%')
  k - 2 lembas wafers
 Scrolls  ('?')
  O - a blessed scroll of destroy armor
  w - 2 scrolls of identify
  B - a cursed scroll of identify
  t - a cursed scroll of light
 Spellbooks  ('+')
  h - a spellbook of detect food
  g - a spellbook of light
  C - a spellbook of light
 Potions  ('!')
  P - a potion of blindness
  E - a cursed potion of blindness
  r - a potion of extra healing
  m - a potion of gain level
  z - a blessed potion of hallucination
  y - a potion of healing
  D - a blessed potion of oil
  p - a potion of restore ability
  d - 4 potions of holy water
  M - a potion of unholy water
 Wands    ('/')
  q - a wand of speed monster (0:1)
 Tools    ('(')
  i - a bugle
  s - a skeleton key
  J - a tin whistle
 Gems/Stones  ('*')
  v - a worthless piece of black glass
  K - 2 worthless pieces of green glass
  Q - a worthless piece of red glass
  R - a worthless piece of white glass

ArrBianca the Priestess's attributes:

Background:
 You were an Adept, a level 6 elven Priestess.
 You were chaotic, on a mission for Huan Ti
 who was opposed by Shan Lai Ching (lawful) and Chih Sung-tzu (neutral).
 You were right-handed.
 You were in the Dungeons of Doom, on level 7.
 You entered the dungeon 3822 turns ago.
 You had 388 experience points, 252 more were needed to attain level 7.

Basics:
 You had 0 out of 44 hit points.
 You had all 76 energy points (spell power).
 Your armor class was 6.
 Your wallet contained 28 zorkmids.
 Autopickup was on for '$?!/="+%' plus thrown, with exceptions.

Final Characteristics:
 Your strength was 12 (limit:18).
 Your dexterity was 13 (limit:18).
 Your constitution was 16 (limit:16).
 Your intelligence was 10 (limit:20).
 Your wisdom was 14 (limit:20).
 Your charisma was 11 (limit:18).

Final Status:
 You weren't hungry.
 You were unencumbered.
 You were wielding a mace.
 You had basic skill with mace and could have enhanced that.

Final Attributes:
 You were piously aligned.
 You were sleep resistant.
 You were poison resistant.
 You were telepathic.
 You had infravision.
 You are dead.

Miscellaneous:
 You didn't encounter any bones levels.
 Total elapsed playing time was 25 minutes and 12 seconds.

Major events:
 Turn
    1: ArrBianca the chaotic elven Priestess entered the dungeon
 1198: attained the rank of Acolyte (level 3)
 2148: consulted the Oracle
 3552: attained the rank of Adept (level 6)
 3822: killed by a white unicorn

Spells:
 Name                 Level Category     Fail Retention
 light                  1   clerical      38%   81%-90%
 detect food            2   divination    92%  76%-100%

Skills:
 Fighting Skills
   bare handed combat [Unskilled]
 Weapon Skills
   club               [Unskilled]
   mace               [Basic]
   morning star       [Unskilled]
   flail              [Unskilled]
   hammer             [Unskilled]
   quarterstaff       [Unskilled]
   polearms           [Unskilled]
   spear              [Unskilled]
   trident            [Unskilled]
   lance              [Unskilled]
   bow                [Unskilled]
   sling              [Unskilled]
   crossbow           [Unskilled]
   dart               [Unskilled]
   shuriken           [Unskilled]
   boomerang          [Unskilled]
   unicorn horn       [Unskilled]
 Spellcasting Skills
   healing spells     [Unskilled]
   divination spells  [Unskilled]
   clerical spells    [Basic]

Voluntary challenges:
 Character rerolling was not enabled.
 You never genocided any monsters.
 You never polymorphed an object.
 You never changed form.
 You used no wishes.
Achievements:
 You attained the rank of Acolyte.
 You entered a shop.
 You consulted the Oracle of Delphi.
 You attained the rank of Adept.

 The Dungeons of Doom: levels 1 to 7
    Level 1:
       Some fountains.
    Level 2:
       A fountain.
    Level 3:
       A potion shop.
    Level 4:
       An altar to Huan Ti, many fountains.
    Level 5:
       Some graves.
    Level 6:
       Many fountains.
       Oracle of Delphi.
    Level 7: <- You were here.
       A sink.
       Final resting place for
          you, killed by a white unicorn.


Vanquished creatures:
  a mountain nymph
  a rock mole
  a pony
  a fog cloud
  a gnome leader
  a gnomish wizard
  a kobold mummy
  a black naga hatchling
  a gray ooze
  2 ghouls
  a baby crocodile
  3 giant ants
  a floating eye
  a dwarf
  a homunculus
  2 kobold shamans
  3 rothes
  a rabid rat
  2 giant bats
 an orc zombie
  a dwarf zombie
 an iguana
  3 acid blobs
  a coyote
  a hobbit
  2 manes
  a large kobold
  2 giant rats
  a green mold
  2 geckos
  6 jackals
  a fox
  2 kobolds
  a goblin
  5 sewer rats
  9 grid bugs
  2 bats
  2 lichens
  2 kobold zombies
  a newt
73 creatures vanquished.

No species were genocided or became extinct.

Game over:
                       ----------
                      /          \
                     /    REST    \
                    /      IN      \
                   /     PEACE      \
                  /                  \
                  |    ArrBianca     |
                  |      28 Au       |
                  |   killed by a    |
                  |  white unicorn   |
                  |                  |
                  |                  |
                  |       2026       |
                 *|     *  *  *      | *
        _________)/\\_//(\/(/\)/\//\/|_)_______

Goodbye ArrBianca the Priestess...

You died in The Dungeons of Doom on dungeon level 7 with 1775 points,
and 28 pieces of gold, after 3822 moves.
You were level 6 with a maximum of 44 hit points when you died.

